 Dungeon Crawl Stone Soup version 0.31-a0-460-g9e667d4245 (webtiles) character file.

Game seed: 507112718169276163

4 MisterAzrael the Caller (level 1, 0/10 HPs)
             Began as a Deep Elf Summoner on Aug 4, 2023.
             Slain by a hobgoblin (2 damage)
             ... on level 1 of the Dungeon.
             The game lasted 00:00:13 (63 turns).

MisterAzrael the Caller (Deep Elf Summoner)           Turns: 63, Time: 00:00:14

Health: 0/10       AC:  2    Str:  5    XL:     1   Next: 50%
Magic:  3/6        EV: 12    Int: 19    God:
Gold:   0          SH:  0    Dex: 15    Spells: 5/6 levels left

rFire   . . .        (no weapon)
rCold   . . .        (no shield)
rNeg    . . .        a - +0 robe
rPois   .            (no helmet)
rElec   .            (no cloak)
rCorr   .            (no gloves)
SInv    .            (no boots)
Will    .....        (no amulet)
Stlth   ++           (no ring)
HPRegen 0.21/turn    (no ring)
MPRegen 0.10/turn

%: no passive effects
@: no status effects
A: no striking features
a: no special abilities


You were on level 1 of the Dungeon.
You visited 1 branch of the dungeon, and saw 1 of its levels.

Inventory:

Armour
 a - a +0 robe (worn)
Potions
 b - a potion of magic


   Skills:
 + Level 2.5 Dodging
 + Level 2.5 Stealth
 + Level 3.1 Spellcasting
 + Level 4.4 Summonings


You had 5 spell levels left.
You knew the following spells:

 Your Spells              Type           Power      Damage    Failure   Level
a - Summon Small Mammal   Summ           76%        N/A       2%          1

Your spell library contained the following spells:

 Spells                   Type           Power      Damage    Failure   Level
 Call Imp                 Summ           38%        N/A       3%          2
 Call Canine Familiar     Summ           19%        N/A       8%          3
 Summon Guardian Golem    Hex/Summ       11%        N/A       19%         3
 Summon Lightning Spire   Summ/Air       11%        N/A       52%         4


Dungeon Overview and Level Annotations

Branches:
Dungeon (1/15)

Altars:
Hepliaklqana


Message History

Your bat dies!
Your bat's corpse disappears in a puff of smoke!
Your quokka barely misses the hobgoblin.
The hobgoblin hits you. The hobgoblin attacks as you move away!
The hobgoblin barely misses you. The hobgoblin attacks as you move away!
The hobgoblin closely misses you. The hobgoblin barely misses you.
The hobgoblin misses you.
Your rat closely misses the hobgoblin.
Your quokka closely misses the hobgoblin.
Your rat bites the hobgoblin but does no damage.
Your quokka bites the hobgoblin.
The hobgoblin barely misses your rat.
Your rat bites the hobgoblin but does no damage.
The hobgoblin barely misses you.
Your quokka barely misses the hobgoblin.
Your rat closely misses the hobgoblin.
The hobgoblin hits your quokka. The hobgoblin hits your rat.
Your rat dies!
Your rat's corpse disappears in a puff of smoke!
Your quokka barely misses the hobgoblin.
Your quokka bites the hobgoblin.
The hobgoblin hits your quokka.
Your quokka bites the hobgoblin.
The hobgoblin dies!
The hobgoblin attacks as you move away! The hobgoblin misses you.
Found a green potion.
Your quokka closely misses the hobgoblin.
The frilled lizard attacks as you move away!
The frilled lizard barely misses you. The frilled lizard bites you.
The hobgoblin barely misses you.
The frilled lizard attacks as you move away!
The frilled lizard bites you.
Your quokka bites the hobgoblin.
Your quokka barely misses the hobgoblin.
The hobgoblin hits you.
* * * LOW HITPOINT WARNING * * *
You are too injured to fight recklessly!
You are too injured to fight recklessly!
The frilled lizard closely misses you.
The hobgoblin hits you but does no damage.
The hobgoblin hits you.
You die...

## #######.
########.......
#####....##........
####...........[....#.
#....lgr.............#
......#@g........##.####
.!#..###..w.....##### #
### #####8.8## #####.##
#.###.# ##.....#
##..g#### ##...ยงยง##
##....r..##


You could see a dart slug, 2 hobgoblins, a frilled lizard and a friendly quokka
(summoned).

Vanquished Creatures (collateral kills)
  A goblin (D:1)
  A hobgoblin (D:1)
  A ball python (D:1)
  A rat (D:1)
4 creatures vanquished.

Notes
Turn   | Place    | Note
-------+----------+-------------------------------------------
     0 | D:1      | MisterAzrael the Deep Elf Summoner began the quest for the
                  | Orb.
     0 | D:1      | Reached XP level 1. HP: 10/10 MP: 6/6
    33 | D:1      | Found a hazy altar of Hepliaklqana.
    63 | D:1      | Slain by a hobgoblin

Illustrated notes

Levels and vault maps discovered:
D:1:      eino_arrival_cavern_e, layout_loops_corners, minmay_hexomino_r4

Action                     || total
---------------------------++-------
   Cast: Summon Small Mamm ||     6
 Armour: Robe              ||     2
  Dodge: Dodged            ||    14

Table legend: (Time is in decaauts)
 A = Elapsed time spent in this place.
 B = Non-inter-level travel time spent in this place.
 C = Inter-level travel time spent in this place.
 D = Time resting spent in this place.
 E = Time spent auto-exploring this place.
 F = Levels seen in this place.
 G = Mean time per level.
                   A        B        C        D        E       F      G
               +--------+--------+--------+--------+--------+-----+--------+
         Total |     63 |     63 |      0 |      0 |     25 |   1 |   63.0 |
       Dungeon |     63 |     63 |      0 |      0 |     25 |   1 |   63.0 |
               +--------+--------+--------+--------+--------+-----+--------+

Top non-repeatable levels by time:
     D:1: 63 daAuts
